 Dungeon Crawl Stone Soup version 0.30.1-9-gdf580d7c3d (webtiles) character file.

Game seed: 456028227763382702

48213 grtsk the Severer (level 14, -3/94 HPs)
             Began as a Minotaur Berserker on Oct 14, 2023.
             Was a High Priest of Trog.
             Succumbed to a guardian serpent's bolt of poison
             ... on level 3 of the Abyss.
             The game lasted 01:18:57 (17153 turns).

grtsk the Severer (Minotaur Berserker)             Turns: 17153, Time: 01:18:59

Health: -3/94      AC: 18    Str: 29      XL:     14   Next: 11%
Magic:  8/11       EV: 14    Int: -1 (2)  God:    Trog [*****.]
Gold:   966        SH: 19    Dex: 13 (14) Spells: 13/13 levels left

rFire   x x .        a - +7 broad axe
rCold   x . .        I - +1 kite shield {rF+}
rNeg    . . .        V - +8 chain mail of Jivow {-Cast rPois Str+4 SInv}
rPois   +            (helmet restricted)
rElec   .            r - +0 cloak of Calculation {Fly Regen+ rCorr}
rCorr   +            i - +0 pair of gloves
SInv    +            (no boots)
Will    +....        S - amulet of reflection Stlth
                     Q - +5 ring of evasion
HPRegen 1.15/turn    N - ring of Tellac {rPois rC+ Dex+6}
MPRegen 0.12/turn

%: no spellcasting, random rage (3%), reflection
@: lethally poisoned (-3 -> -11), corroded, flying, slowed, lost intelligence,
unable to read, unable to drink, very slow
A: horns 2, retaliatory headbutt, low MP 1, weak 1, [berserk 1], [clumsy 1],
[deterioration 2], [dopey 1], [frail 3], [screaming 2], ([teleportitis 1]), [no
potion heal 2], [cold vulnerability 2], [heat vulnerability 3], [subdued magic
3], [inability to drink after injury 1]
a: Renounce Religion, Berserk, Trog's Hand, Brothers in Arms


You were on level 3 of the Abyss.
You worshipped Trog.
Trog was extremely pleased with you.
You visited 2 branches of the dungeon, and saw 16 of its levels.
You visited the Abyss 1 time.
You also visited: Gauntlet.

You collected 1232 gold pieces.
You spent 266 gold pieces at shops.

Inventory:

Hand Weapons
 a - a +7 broad axe (weapon)
 b - a +2 flail of holy wrath
Missiles
 M - 10 curare-tipped darts (quivered)
 U - 13 silver javelins
Armour
 i - a +0 pair of gloves (worn)
 r - the +0 cloak of Calculation (worn) {Fly Regen+ rCorr}
   (You found it in a Gauntlet)

   Fly:       It grants you flight.
   Regen:     It increases your rate of health regeneration.
   rCorr:     It protects you from acid and corrosion.
 v - a +0 chain mail of cold resistance
 I - a +1 kite shield of fire resistance (worn)
 V - the +8 chain mail of Jivow (worn) {-Cast rPois Str+4 SInv}
   (You took it off a minotaur in a Gauntlet)

   Str:       It affects your strength (+4).
   rPois:     It protects you from poison.
   SInv:      It lets you see invisible.
   -Cast:     It prevents spellcasting.
Jewellery
 N - the ring of Tellac (right hand) {rPois rC+ Dex+6}
   (You found it on level 11 of the Dungeon)

   [ring of dexterity]

   Dex:       It affects your dexterity (+6).
   rC:        It protects you from cold.
   rPois:     It protects you from poison.
 Q - a +5 ring of evasion (left hand)
 S - an amulet of reflection (around neck)
Wands
 s - a wand of flame (31)
 y - a wand of charming (14)
 A - a wand of roots (2)
 C - a wand of digging (5)
 E - a wand of mindburst (25)
 F - a wand of polymorph (4)
 Y - a wand of quicksilver (2)
Scrolls
 c - 12 scrolls of teleportation {unknown}
 d - 13 scrolls of identify {unknown}
 e - 4 scrolls of summoning {unknown}
 f - 3 scrolls of enchant armour {unknown}
 g - 6 scrolls of poison {unknown}
 k - 3 scrolls of vulnerability {unknown}
 l - a scroll of acquirement {unknown}
 o - 2 scrolls of enchant weapon {unknown}
 p - 2 scrolls of amnesia {unknown}
 q - 4 scrolls of blinking {unknown}
 H - a scroll of brand weapon {unknown}
 L - 6 scrolls of fear {unknown}
 O - a scroll of magic mapping {unknown}
 Z - a scroll of fog {unknown}
Potions
 h - 3 potions of lignification {unknown}
 j - a potion of ambrosia {unknown}
 m - a potion of resistance {unknown}
 t - a potion of berserk rage {unknown}
 u - 4 potions of might
 w - 6 potions of heal wounds
 x - 5 potions of attraction
 z - 3 potions of brilliance {unknown}
 B - 11 potions of curing
 G - a potion of haste {unknown}
 J - a potion of magic {unknown}
 K - 3 potions of mutation {unknown}
 P - 3 potions of invisibility
Miscellaneous
 X - a condenser vane


   Skills:
 - Level 15.0 Fighting
 * Level 17.0 Axes
 - Level 10.0 Armour
 - Level 2.2 Dodging
 - Level 14.0 Shields
 + Level 7.8 Evocations


You had 13 spell levels left.
You didn't know any spells.
Your spell library contained the following spells:

 Spells                   Type           Power      Damage    Failure   Level
 Gell's Gravitas          Tloc           0%         N/A       100%        3
 Teleport Other           Tloc           0%         N/A       100%        3
 Dispersal                Tloc           0%         N/A       100%        6


Dungeon Overview and Level Annotations

Branches:
Dungeon (15/15)            Temple (1/1) D:5            Lair (0/5) D:10
    Orc (0/2) D:10         Vaults (0/5) D:13        Gauntlet (visited)
 Depths: D:15

Altars:
Ashenzari
Cheibriados
Dithmenos
Elyvilon
Fedhas
Gozag
Hepliaklqana
Kikubaaqudgha
Makhleb
Nemelex Xobeh
Okawaru
Qazlal
Ru
Sif Muna
Trog
Uskayaw
Vehumet
Wu Jian
Xom
Yredelemnul
Zin
The Shining One

Shops:
D:3 [   D:6 !

Annotations:
D:5 3 runed translucent doors, TekDriveTruck's ghost, novice GnFi
D:11 1 runed translucent door


Innate Abilities, Weirdness & Mutations

You have a pair of horns on your head.
You reflexively headbutt those who attack you in melee.
Your magical capacity is low. (-10% MP)
You are weak. (Str -2)
[You sometimes lose your temper in combat.]
[You are clumsy. (Dex -2)]
[Your body often deteriorates upon taking damage.]
[You are dopey. (Int -2)]
[You are extremely frail. (-30% HP)]
[You frequently scream uncontrollably at your foes.]
[((You are occasionally teleported next to monsters.))]
[Potions cannot restore your health.]
[You are very vulnerable to cold. (rC--)]
[You are extremely vulnerable to heat. (rF---)]
[Your spells are much easier to cast, but much less powerful.]
[You occasionally lose the ability to drink potions when taking damage.]


Message History

Your iron troll closely misses the thrashing horror.
Your iron troll claws the thrashing horror!
Your iron troll claws the thrashing horror!!
The thrashing horror is destroyed!
Trog accepts your kill.
You feel the corruption within you wane somewhat.
You begin to regenerate regardless of the presence of monsters.
You feel less vulnerable to cold.
You lose the ability to drink potions when taking damage less often.
You feel stable.
You feel more energetic. x2
You lose the ability to read scrolls when taking damage less often.
You no longer become unable to read scrolls after taking damage.
You feel stronger.
You feel a little less angry.
Your body's shape seems more normal.
You feel clever.
You feel agile.
Your Axes skill increases to level 17!
A thrashing horror comes into view.
You scream at the thrashing horror!
You block the thrashing horror's attack. x2
The guardian serpent coils itself and waves its upper body at you.
The bolt of poison hits the large abomination.
The large abomination completely resists.
The bolt of poison hits you.
You are lethally poisoned!
You resist.
* * * LOW HITPOINT WARNING * * *
The large abomination closely misses you.
Your iron troll bites the guardian serpent.
Your iron troll claws the guardian serpent!
Your iron troll claws the guardian serpent.
The ynoxinul gestures.
The thrashing horror moves out of view.
You hear a roar!
You hear a shout!
You hear an angry growl.
The large abomination attacks as you move away!
You block the large abomination's attack.
The thrashing horror attacks as you move away!
You block the thrashing horror's attack. x2
The rust devil attacks as you move away!
The rust devil hits you. The rust devil corrodes you!
A wraith comes into view.
You die...

.W .#
..#
..## ##
#...#
.##...#
#.....#
#@#
#.##


#XX *ST5 .5#X3 #.#G#5X . . .X# . #. You could see a tentacled starspawn, a
wretched star, a glowing orange brain, 2 thrashing horrors, 2 large
abominations, a guardian serpent (ally target), a ynoxinul, a wraith
(wandering), a shadow imp, 2 ufetubi and a friendly iron troll (summoned,
berserk).

Vanquished Creatures
  A lich (D:11)
  A war gargoyle (D:11)
  A reaper (Abyss:3)
  A minotaur (Gauntlet)
  2 hydras
  An ogre mage (D:13)
  The ghost of Muruk the Nimble, a journeyman OpVM of Vehumet (D:11)
  4 centaur warriors
  2 two-headed ogres
  4 boulder beetles
  2 tengu warriors (D:15)
  A sixfirhy (Abyss:3)
  Nergalle (D:11)
  A fire crab (Gauntlet)
  2 large abominations
  2 wretched stars (Abyss:3)
  A skeletal warrior (D:13)
  A deep elf zephyrmancer (D:11)
  2 starcursed masses (Abyss:3)
  A necromancer (D:11)
  3 manticores
  4 ugly things
  A deep elf pyromancer (D:14)
  5 cyclopes
  A worldbinder (Abyss:3)
  Maurice (D:10)
  4 gargoyles
  3 centaur skeletons (D:13)
  An unseen horror (D:11)
  A black mamba (shapeshifter) (D:13)
  2 efreet
  3 kobold demonologists
  An ancient zyme (Abyss:3)
  2 komodo dragons
  2 tengu conjurers
  An ice devil (Gauntlet)
  5 trolls
  2 centaur simulacra (D:11)
  5 flying skulls (Gauntlet)
  3 shadows
  8 slime creatures
  3 wraiths
  3 vampires
  20 yaks
  7 wyverns
  Grum (D:10)
  Eustachio (D:5)
  A neqoxec (Gauntlet)
  3 fire bats (Gauntlet)
  3 steam dragons
  3 basilisks
  A chaos spawn (Gauntlet)
  A fire elemental (Abyss:3)
  3 vampire mosquitoes
  4 acid dragons
  5 ice beasts
  6 orc warriors
  17 centaurs
  2 black bears
  5 boggarts (D:15)
  4 wolves (D:10)
  5 ogres
  3 phantoms
  6 kobold brigands
  5 bullfrogs
  A gnoll sergeant (D:9)
  A scorpion (D:4)
  A troll zombie (D:10)
  8 killer bees
  10 electric eels (D:7)
  4 howler monkeys
  A crimson imp (Abyss:3)
  A small abomination (Abyss:2)
  2 jellies
  6 orc priests
  A sleepcap (D:6)
  Crazy Yiuf (D:6)
  3 hounds
  2 iguanas
  A gnoll bouda (D:8)
  10 orc wizards
  A boggart skeleton (D:13)
  5 ogre zombies (D:10)
  A boggart simulacrum (D:14)
  9 adders
  19 gnolls
  A shadow imp (D:6)
  6 white imps
  2 ufetubi
  3 worms (D:2)
  6 dart slugs
  43 orcs
  6 ball pythons
  10 bats
  4 endoplasms
  7 giant cockroaches
  3 goblins
  12 hobgoblins
  4 jackals (D:2)
  32 kobolds
  5 quokkas
  2 frilled lizards
  A goblin skeleton (D:10)
  2 goblin zombies (D:10)
  A hobgoblin skeleton (D:10)
  6 hobgoblin zombies (D:10)
  An orc skeleton (D:10)
  8 orc zombies (D:10)
  4 rats
459 creatures vanquished.

Vanquished Creatures (collateral kills)
  A thrashing horror (Abyss:3)
1 creature vanquished.

Grand Total: 460 creatures vanquished

Notes
Turn   | Place    | Note
-------+----------+-------------------------------------------
     0 | D:1      | grtsk the Minotaur Berserker began the quest for the Orb.
     0 | D:1      | Reached XP level 1. HP: 19/19 MP: 0/0
   273 | D:1      | Reached XP level 2. HP: 27/27 MP: 1/1
   314 | D:1      | Reached skill level 4 in Axes
   634 | D:1      | Reached XP level 3. HP: 34/34 MP: 2/2
   956 | D:2      | Reached ** piety under Trog
  1197 | D:2      | Reached XP level 4. HP: 20/41 MP: 3/3
  1200 | D:2      | Reached skill level 5 in Fighting
  1313 | D:2      | Found a faded altar of an unknown god.
  1402 | D:2      | Reached XP level 5. HP: 44/48 MP: 4/4
  2258 | D:3      | Found Rotekele's Antique Armour Boutique.
  2561 | D:4      | Reached skill level 5 in Axes
  2656 | D:4      | Reached XP level 6. HP: 58/58 MP: 5/5
  3520 | D:5      | Entered Level 5 of the Dungeon
  3549 | D:5      | Reached skill level 1 in Shields
  3595 | D:5      | Reached XP level 7. HP: 24/66 MP: 6/6
  3726 | D:5      | Found a runed translucent gate.
  3726 | D:5      | Found a runed translucent gate.
  3726 | D:5      | Found a runed translucent gate.
  3730 | D:5      | Noticed TekDriveTruck's ghost (novice GnFi)
  3816 | D:5      | Reached skill level 6 in Axes
  3831 | D:5      | Reached *** piety under Trog
  3875 | D:5      | Noticed Eustachio
  4094 | D:5      | Killed Eustachio
  4203 | D:5      | Found a staircase to the Ecumenical Temple.
  4306 | D:5      | Found a glowing silver altar of Zin.
  4499 | Temple   | Entered the Ecumenical Temple
  4701 | D:6      | Reached XP level 8. HP: 32/75 MP: 7/7
  5078 | D:6      | Reached skill level 5 in Shields
  5565 | D:6      | Reached skill level 7 in Axes
  6334 | D:6      | Found Seuffem's Distillery.
  6339 | D:6      | Bought a potion of degeneration for 14 gold pieces
  6339 | D:6      | Bought a potion of might for 56 gold pieces
  6339 | D:6      | Bought a potion of curing for 42 gold pieces
  6339 | D:6      | Bought a potion of heal wounds for 70 gold pieces
  6339 | D:6      | Bought a potion of attraction for 42 gold pieces
  6339 | D:6      | Bought a potion of curing for 42 gold pieces
  6577 | D:6      | Found a runed translucent door.
  6578 | D:6      | Noticed Crazy Yiuf
  6584 | D:6      | Killed Crazy Yiuf
  6928 | D:7      | Reached skill level 10 in Fighting
  7237 | D:6      | Reached XP level 9. HP: 75/85 MP: 8/8
  7392 | D:6      | Reached skill level 8 in Axes
  7537 | D:7      | Reached **** piety under Trog
  8328 | D:8      | Identified the +1 dire flail of the Swamp {flame, Dex+2}
  8536 | D:8      | Reached XP level 10. HP: 97/97 MP: 9/9
  8630 | D:8      | Reached skill level 9 in Axes
  8736 | D:8      | Noticed a two-headed ogre
  8759 | D:8      | Killed a two-headed ogre
  8760 | D:8      | Reached skill level 10 in Shields
  9288 | D:8      | Found a sacrificial altar of Ru.
  9288 | D:8      | Found a basalt altar of Yredelemnul.
  9295 | D:8      | Found a sparkling altar of Nemelex Xobeh.
  9299 | D:8      | Found an ancient bone altar of Kikubaaqudgha.
  9301 | D:8      | Found an ornate altar of the Wu Jian Council.
  9722 | D:9      | Noticed a gargoyle
  9737 | D:9      | Killed a gargoyle
  9804 | D:9      | Reached ***** piety under Trog
 10586 | D:10     | Entered Level 10 of the Dungeon
 10616 | D:10     | Reached skill level 10 in Axes
 10824 | D:10     | Identified the +1 longbow of the Exiled Artists {antimagic,
                  | Int+4 Stlth+}
 10860 | D:10     | Found a staircase to the Lair.
 10980 | D:10     | Reached XP level 11. HP: 94/107 MP: 10/10
 11215 | D:10     | Noticed Grum
 11238 | D:10     | Killed Grum
 11487 | D:10     | Found a staircase to the Orcish Mines.
 11507 | D:10     | Received a gift from Trog
 11931 | D:10     | Noticed Maurice
 11939 | D:10     | Killed Maurice
 12600 | D:11     | Noticed Muruk's ghost (journeyman OpVM)
 12601 | D:11     | Noticed a war gargoyle
 12602 | D:11     | Noticed a lich
 12603 | D:11     | Noticed a deep elf zephyrmancer
 12604 | D:11     | Noticed a necromancer
 12819 | D:11     | Found a runed translucent door.
 12829 | D:11     | Found a runed translucent door.
 12846 | D:11     | Found a gate leading to a gauntlet.
 12863 | Gauntlet | Entered a Gauntlet
 12863 | Gauntlet | Found a transporter.
 12863 | Gauntlet | Found a transporter.
 12863 | Gauntlet | Found a transporter.
 12869 | Gauntlet | Noticed an entropy weaver
 12992 | Gauntlet | Found a transporter.
 13003 | Gauntlet | Found a transporter.
 13006 | Gauntlet | Noticed a fire crab
 13018 | Gauntlet | Found a transporter.
 13028 | Gauntlet | Found a transporter.
 13043 | Gauntlet | Found a transporter.
 13049 | Gauntlet | Found a transporter.
 13059 | Gauntlet | Noticed a hell hog
 13063 | Gauntlet | Found a transporter.
 13068 | Gauntlet | Found a transporter.
 13072 | Gauntlet | Found a transporter.
 13255 | Gauntlet | Gained mutation: Your magical capacity is low. (-10% MP) [a
                  | neqoxec]
 13257 | Gauntlet | Gained mutation: You are weak. (Str -2) [a neqoxec]
 13274 | Gauntlet | Identified the +0 cloak of Calculation {Fly Regen+ rCorr}
 13390 | Gauntlet | Killed a fire crab
 13391 | Gauntlet | Reached skill level 11 in Axes
 13460 | Gauntlet | Reached skill level 15 in Fighting
 13552 | Gauntlet | Identified the +8 chain mail of Jivow {-Cast rPois Str+4
                  | SInv}
 13552 | Gauntlet | Noticed a minotaur
 13574 | Gauntlet | Killed a minotaur
 13604 | Gauntlet | Identified the +5 ring mail of Philately {*Slow rC+ Str+3
                  | Slay+3}
 13658 | D:11     | Reached skill level 12 in Axes
 13733 | D:11     | Reached XP level 12. HP: 96/119 MP: 9/9
 13765 | D:11     | Noticed a boulder beetle
 13783 | D:11     | Killed a boulder beetle
 13794 | D:11     | Reached skill level 13 in Axes
 13930 | D:11     | Noticed Nergalle
 13942 | D:11     | Killed Nergalle
 14387 | D:11     | Killed a war gargoyle
 14388 | D:11     | Reached skill level 14 in Axes
 14401 | D:11     | Killed a lich
 14402 | D:11     | Reached skill level 15 in Axes
 14441 | D:11     | Killed Muruk's ghost
 14464 | D:11     | Identified the ring of Tellac {rPois rC+ Dex+6}
 14468 | D:11     | Identified the scarf of Imperfection {harm, +Inv Str+4
                  | Dex-4}
 14554 | D:12     | Noticed a boulder beetle
 14567 | D:12     | Killed a boulder beetle
 14651 | D:12     | You are sucked into a shaft and drop 2 floors!
 14660 | D:14     | Reached skill level 16 in Axes
 14924 | D:12     | Reached skill level 5 in Armour
 14969 | D:12     | Noticed a centaur warrior
 14976 | D:12     | Reached skill level 1 in Evocations
 14979 | D:12     | Killed a centaur warrior
 14982 | D:12     | Reached XP level 13. HP: 96/126 MP: 10/10
 15519 | D:13     | Found a gate to the Vaults.
 16096 | D:13     | Reached skill level 10 in Armour
 16281 | D:14     | Reached skill level 5 in Evocations
 16311 | D:14     | Identified the +3 leather armour of the Hippo {Str+4 Dex+6
                  | Stlth+}
 16617 | D:15     | Entered Level 15 of the Dungeon
 16741 | D:15     | Received a gift from Trog
 16837 | Abyss:2  | Cast into level 2 of the Abyss (a wizard)
 16865 | Abyss:3  | Found a corrupted altar of Lugonu.
 16896 | Abyss:3  | Noticed a reaper
 16904 | Abyss:3  | Killed a reaper
 16960 | Abyss:3  | Noticed a starcursed mass
 16971 | Abyss:3  | Noticed an ironbound thunderhulk
 16972 | Abyss:3  | Noticed a red very ugly thing
 16974 | Abyss:3  | Noticed an ironbound thunderhulk
 16977 | Abyss:3  | Reached XP level 14. HP: 135/135 MP: 11/11
 17099 | Abyss:3  | Found a corrupted altar of Lugonu.
 17128 | Abyss:3  | Lost intelligence.
 17147 | Abyss:3  | Noticed a tentacled starspawn
 17152 | Abyss:3  | Reached skill level 17 in Axes
 17152 | Abyss:3  | HP: 1/94 [guardian serpent/bolt of poison (6)]
 17153 | Abyss:3  | Succumbed to a guardian serpent's bolt of poison

Illustrated notes

Levels and vault maps discovered:
D:1:      minmay_arrival_wavy_path, layout_loops_ring
D:2:      layout_loops_ring, shapermc_ecumenical_altar_gd
D:3:      layout_basic, serial_shops, nicolae_shop_hallway_plus,
          chequers_serial_rivers_micro_b
D:4:      layout_gridville
D:5:      layout_basic, zin_treasury, minmay_temple_entry_offerings,
          biasface_ghost_orc_armoury, kennysheep_generic_room_3, uniq_eustachio
D:6:      layout_layer_cave, serial_shops, kennysheep_little_box, minivault_25,
          minmay_manual_macuahuitl, uniq_crazy_yiuf_cottage
D:7:      layout_cave_pools, serial_bayou, serial_bayou_lake_a,
          serial_bayou_pond_d, serial_bayou_lagoon_b, serial_bayou_shore_a
D:8:      minmay_razor_zed, layout_loops_cross,
          chequers_temple_overflow_minitemple
D:9:      kennysheep_kobold_camp, layout_rooms
D:10:     layout_long_grid, erik_lair_dragon, zombieorc1_lemuel, uniq_grum,
          uniq_maurice
D:11:     minmay_skewed_foursquare, layout_cross, serial_column_ruins,
          column_ruins_grid_1, column_ruins_open_small, column_ruins_grid_1,
          column_ruins_open_small, column_ruins_open_small,
          column_ruins_open_medium, gauntlet_entry_generic,
          muffindrake_ghost_dual_entry, uniq_nergalle
D:12:     layout_long_grid, dreamdust_wishing_well
D:13:     layout_roguey, hangedman_vaults_entry_quadrant_bands,
          hangedman_decor_lopped
D:14:     layout_long_grid
D:15:     grunt_enter_depths_hoard, layout_basic, gammafunk_ghost_arena,
          serial_bayou_pond_d, special_room [special_room_mythical_zoo]
Temple:   nicolae_temple_elliptical
Abyss:3:  base: D:2, bh_abyss_exit_choice, hangedman_abyss_sting

Skill      XL: |  1  2  3  4  5  6  7  8  9 10 11 12 13 14 |
---------------+-------------------------------------------+-----
Axes           | 4 5 6 7 8 10 12 16 17 | 17.0
Fighting       | 4 5 6 7 8 10 11 13 15 | 15.0
Armour         | 3 6 10 | 10.0
Shields        | 2 4 7 9 11 13 14 | 14.0
Evocations     | 1 7 |  7.8
Dodging        | |  2.2

Action                     |  1- 3 |  4- 6 |  7- 9 | 10-12 | 13-15 || total
---------------------------+-------+-------+-------+-------+-------++-------
  Melee: Hand axe          |    90 |   150 |    24 |       |       ||   264
         Headbutt          |    14 |    23 |    26 |   130 |   118 ||   311
         Punch             |       |     1 |       |       |       ||     1
         War axe           |       |       |   176 |   572 |   252 ||  1000
         Broad axe         |       |       |       |       |    95 ||    95
         Flail             |       |       |       |       |    11 ||    11
  Throw: Dart              |       |     6 |     7 |    23 |       ||    36
 Invoke: Berserk           |     2 |       |     8 |    15 |     3 ||    28
         Trog's Hand       |       |     2 |       |     4 |     1 ||     7
         Brothers in Arms  |       |       |       |       |     1 ||     1
  Evoke: Wand              |       |     2 |    19 |     2 |       ||    23
    Use: Potion            |       |       |       |     1 |       ||     1
 Armour: Animal skin       |     2 |       |       |       |       ||     2
         Chain mail        |    46 |    96 |   109 |   144 |    86 ||   481
         Plate armour      |       |       |       |    54 |       ||    54
  Dodge: Dodged            |    34 |    75 |    63 |   175 |    70 ||   417
  Block: Buckler           |       |     5 |    36 |   107 |       ||   148
         Kite shield       |       |       |       |   134 |   281 ||   415
         Reflection        |       |       |       |     9 |    29 ||    38
